AoeStats
← Your Mom

Nomad

508823867Analyzed
2v2 RM · 9d ago on Sep 24, 2026· 52m 37s· 4 players
Game mode
Random Map
Map size
176×176
Population
200
Speed
Normal
Resources
Standard
Victory
Conquest
Starting age
Dark Age
Ending age
Imperial Age
RankedLock teamsTeams togetherTeam positionsShared explorationLock speedFull tech treeHidden civsTurbo modeCheats
Victory
Defeat
🇩🇪 Franks · Germany
751
+6
🇩🇪 Varangians · Germany
740
+6
🇨🇱 Turks · Chile
517
-7
🇮🇹 Persians · Italy
445
-5
Kiddtobvl
15:56 Feudal Age
16:56 Man-at-Arms
24:58 Castle Age
25:32 Forging
LImperatore353
18:32 Feudal Age
18:59 Horse Collar
19:24 Double-Bit Axe
21:04 Gold Mining
24:42 Wheelbarrow
23:57 Fishing Lines
23:50 Man-at-Arms
24:17 Arson
27:06 Stone Mining
32:59 Castle Age
32:09 Padded Archer Armor
32:09 Scale Mail Armor
32:15 Scale Barding Armor
33:05 Fletching
33:26 Forging
34:20 Heavy Plow
34:35 Bow Saw
35:08 Gold Shaft Mining
34:45 Squires
34:16 Elite Skirmisher
36:01 Bloodlines
35:13 Light Cavalry
36:34 Leather Archer Armor
36:51 Husbandry
36:55 Long Swordsman
39:48 Crossbowman
41:36 Gambesons
41:13 Pikeman
PROtektorKaiser
5:22 Loom
13:03 Feudal Age
13:31 Double-Bit Axe
15:06 Wheelbarrow
21:39 Gold Mining
22:26 Stone Mining
22:49 Forging
22:40 Scale Mail Armor
25:27 Castle Age
25:19 Fishing Lines
26:38 Bow Saw
26:23 Gillnets
27:48 Squires
28:26 Iron Casting
28:02 Horse Collar
29:57 Chain Mail Armor
31:49 Heavy Plow
32:08 Hand Cart
36:54 Imperial Age
35:12 Fletching
37:18 Padded Archer Armor
37:14 Bodkin Arrow
36:57 Gothikon
38:01 Conscription
38:45 Elite Varangian Guard
40:44 Crop Rotation
41:06 Bracer
43:21 Blast Furnace
42:52 Plate Mail Armor
42:39 Leather Archer Armor
44:56 Heavy Mounted Crossbowman
44:58 Cranequins
48:59 Ring Archer Armor
49:45 Chemistry
48:52 Siege Engineers
49:08 Ballistics
48:16 Spies/Treason
50:10 Elite Longship
51:24 Scale Barding Armor
53:20 Fortified Wall
53:20 Masonry
52:52 Treadmill Crane
53:08 Murder Holes
53:04 Guard Tower
53:25 Careening
53:26 Clinker Construction
Your Mom
3:40 Loom
14:57 Feudal Age
17:17 Double-Bit Axe
18:40 Man-at-Arms
32:23 Castle Age
32:58 Light Cavalry
33:39 Husbandry
33:28 Pikeman
34:09 Squires
38:51 Bow Saw
39:35 Scale Barding Armor
39:42 Forging
39:57 Scale Mail Armor
41:33 Gold Mining
45:10 Chain Barding Armor
45:07 Chain Mail Armor
52:15 Imperial Age
Connection lost

Rejoining the realm…

Still unreachable

The connection could not be restored.

Session expired

The server has moved on; the page needs a fresh start.